 Dungeon Crawl Stone Soup version 0.32-a0-768-g0f6f1dd4b9 (webtiles) character file.

Game seed: 9750867932195766016

186 Aldia the Trooper (level 5, -1/55 HPs)
             Began as an Oni Warper on Mar 18, 2024.
             Was a Follower of Beogh.
             Slain by an ice beast (6 damage)
             ... on level 4 of the Dungeon.
             The game lasted 00:06:29 (2985 turns).

Aldia the Trooper (Oni Warper)                      Turns: 2985, Time: 00:06:30

Health: -1/55      AC:  4    Str: 15    XL:     5   Next: 65%
Magic:  8/8        EV:  8    Int: 16    God:    Beogh [*.....]
Gold:   202        SH:  0    Dex:  8    Spells: 1/9 levels left

rFire   . . .        k - +0 flail
rCold   + . .        (no shield)
rNeg    . . .        b - +0 robe
rPois   .            (helmet restricted)
rElec   .            g - +0 cloak
rCorr   .            (gloves unavailable)
SInv    .            (boots unavailable)
Will    .....        (no amulet)
Stlth   +            i - ring of protection from cold
HPRegen 0.29/turn    (no ring)
MPRegen 0.11/turn

%: no passive effects
@: no status effects
A: large, unfitting armour, horns 1, tough skin 1, double potion healing,
drunken brawling
a: Renounce Religion


You were on level 4 of the Dungeon.
You worshipped Beogh.
Beogh was aware of your devotion.
You visited 2 branches of the dungeon, and saw 5 of its levels.

You collected 202 gold pieces.

Inventory:

Hand Weapons
 a - a +0 mace
 k - a +0 flail (weapon)
Missiles
 d - 7 darts of dispersal (quivered)
 j - 11 poisoned darts
Armour
 b - a +0 robe (worn)
 g - a +0 cloak (worn)
Jewellery
 i - a ring of protection from cold (left hand)
Scrolls
 c - 3 scrolls of blinking
 f - 3 scrolls of amnesia
 h - a scroll of noise {unknown}
 n - a scroll of teleportation {unknown}
 r - a scroll of poison {unknown}
Potions
 e - a potion of cancellation
 l - a potion of heal wounds
 m - a potion of brilliance
 o - a potion of mutation {unknown}
 p - a potion of curing {unknown}
 q - a potion of haste {unknown}


   Skills:
 + Level 4.5 Fighting
 * Level 4.4 Maces & Flails
 - Level 1.0 Throwing
 - Level 2.1 Dodging
 - Level 2.5 Spellcasting
 - Level 2.6 Translocations
 + Level 2.1 Invocations


You had one spell level left.
You knew the following spells:

 Your Spells              Type           Power      Damage    Failure   Level
a - Blink                 Tloc           20%        N/A       10%         2
b - Lesser Beckoning      Tloc           20%        N/A       10%         2
c - Manifold Assault      Tloc           10%        N/A       54%         4

Your spell library contained the following spells:

 Spells                   Type           Power      Damage    Failure   Level
 Teleport Other           Tloc           10%        N/A       21%         3
 Call Imp                 Summ           4%         N/A       30%         2
 Scorch                   Fire           4%         2d5       30%         2
 Sublimation of Blood     Necr           2%         N/A       30%         2
 Dazzling Flash           Conj/Hex       4%         N/A       52%         3
 Vhi's Electric Charge    Tloc/Air       12%        N/A       75%         4
 Flame Wave               Conj/Fire      2%         2d4       89%         4
 Petrify                  Alch/Erth      2%         N/A       89%         4
 Irradiate                Conj/Alch      1%         3d12      99%         5
 Starburst                Conj/Fire      1%         6d3       100%        6
 Summon Cactus Giant      Summ           1%         N/A       100%        6
 Summon Hydra             Summ           1%         N/A       100%        7
 Maxwell's Capacitive Co  Air            1%         ∞         100%        8


Dungeon Overview and Level Annotations

Branches:
Dungeon (4/15)             Temple (1/1) D:4

Altars:
Ashenzari
Cheibriados
Dithmenos
Fedhas
Kikubaaqudgha
Okawaru
Qazlal
Uskayaw
Vehumet
Xom
Yredelemnul
Zin
The Shining One

Shops:
D:2 =

Annotations:
D:3 1 runed translucent door, Astinus's ghost, amateur MDFi


Innate Abilities, Weirdness & Mutations

You are too large for most types of armour.
You have a pair of small horns on your head.
You have tough skin. (AC +1)
You gain doubled healing and magic from potions.
Whenever you drink a healing potion, you attack all around you.


Message History

You barely miss the ice beast.
The ice beast is moderately wounded.
The ice beast hits you. The ice beast freezes you. You resist.
You barely miss the ice beast.
The ice beast is moderately wounded.
The ice beast closely misses you.
You hit the ice beast but do no damage.
The ice beast is moderately wounded.
The ice beast closely misses you.
You barely miss the ice beast.
The ice beast is moderately wounded.
The ice beast hits you. The ice beast freezes you. You resist.
The ice beast hits you but does no damage.
You barely miss the ice beast. You headbutt the ice beast.
The ice beast is moderately wounded.
The ice beast hits you. The ice beast freezes you. You resist.
You hit the ice beast. Your headbutt misses the ice beast.
The ice beast is heavily wounded.
The ice beast hits you. The ice beast freezes you! You resist.
You hit the ice beast.
The ice beast is severely wounded.
The ice beast closely misses you.
You closely miss the ice beast.
The ice beast is severely wounded.
The ice beast hits you. The ice beast freezes you! You resist.
* * * LOW HITPOINT WARNING * * *
You barely miss the ice beast.
The ice beast is severely wounded.
The ice beast hits you but does no damage.
The ice beast hits you.
* * * LOW HITPOINT WARNING * * *
The ice beast freezes you. You resist.
* * * LOW HITPOINT WARNING * * *
You hit the ice beast.
You headbutt the ice beast, but do no damage.
The ice beast is almost dead.
The ice beast hits you.
* * * LOW HITPOINT WARNING * * *
The ice beast freezes you. You resist.
You die...

.#......#...........
......................
...........#.#........ .
.........#.#.#)...... ..
##......#.#.#.#......
...#........#.>.#.......
...........#.#.#.#......
............#.#.#......?
.......@Y.)..#.#....#...
.....#....†...........#.
#.................#...#.
.................##.....
.....##...#...........#.
..........##..........#.
.....#....##..#...#...#.
...# #.....#.##...#.#.#
......#..#.... .


You could see an ice beast.

Vanquished Creatures
  A howler monkey (D:4)
  5 gnolls
  3 adders
  2 ribbon worms (D:3)
  3 orcs (D:3)
  7 endoplasms
  2 giant cockroaches
  6 hobgoblins
  5 quokkas
  9 ball pythons
  9 bats
  2 frilled lizards (D:1)
  4 goblins
  6 kobolds
  2 rats
66 creatures vanquished.

Vanquished Creatures (others)
  An adder (D:2)
  2 hobgoblins
3 creatures vanquished.

Grand Total: 69 creatures vanquished

Notes
Turn   | Place    | Note
-------+----------+-------------------------------------------
     0 | D:1      | Aldia the Oni Warper began the quest for the Orb.
     0 | D:1      | Reached XP level 1. HP: 22/22 MP: 3/3
    66 | D:1      | Reached XP level 2. HP: 20/31 MP: 5/5
   162 | D:1      | Learned a level 2 spell: Blink
   323 | D:1      | Found a faded altar of an unknown god.
   424 | D:1      | Reached XP level 3. HP: 34/37 MP: 6/6
   726 | D:2      | Learned a level 2 spell: Lesser Beckoning
   831 | D:2      | Became a worshipper of Beogh the Shepherd
   911 | D:2      | Found Vewoff's Jewellery Emporium.
  1028 | D:2      | Reached XP level 4. HP: 11/48 MP: 7/7
  1705 | D:3      | Learned a level 4 spell: Manifold Assault
  1748 | D:3      | Found a runed translucent door.
  1750 | D:3      | Noticed Astinus's ghost (amateur MDFi)
  1763 | D:3      | Reached skill level 1 in Invocations
  2039 | D:3      | Reached * piety under Beogh
  2295 | D:3      | Found a hide-covered altar of Uskayaw.
  2365 | D:3      | Reached XP level 5. HP: 51/54 MP: 8/8
  2855 | D:4      | Found a staircase to the Ecumenical Temple.
  2912 | Temple   | Entered the Ecumenical Temple
  2953 | D:4      | Noticed an ice beast
  2985 | D:4      | Slain by an ice beast

Illustrated notes

Levels and vault maps discovered:
D:1:      zelgadis_glass_arrival_small, layout_loops_cross,
          ebering_ecumenical_altar_mist, minmay_ruptured
D:2:      layout_rooms, serial_shops, nicolae_diamond_shop,
          minmay_misc_feat_ornament, hangedman_decor_growths,
          chequers_serial_rivers_room_b, minmay_misc_feat_secret_circle
D:3:      layout_loops_corners, eat_drink_and_be_merry_uskayaw,
          gammafunk_ghost_grave, serial_bayou_lagoon_a,
          dreamdust_mushroom_princess
D:4:      layout_cave_pools, minmay_temple_entry_grid, minmay_misc_feat_iff
Temple:   nicolae_temple_x_marks_the_god

Skill      XL: |  1  2  3  4  5 |
---------------+----------------+-----
Fighting       | 3 4 |  4.5
Maces & Flails | 3 4 |  4.4
Invocations    | 1 2 |  2.1
Throwing       | |  1.0
Dodging        | |  2.1
Spellcasting   | |  2.5
Translocations | |  2.6

Action                     |  1- 3 |  4- 6 || total
---------------------------+-------+-------++-------
  Melee: Mace              |    38 |       ||    38
         Headbutt          |    11 |    18 ||    29
         Flail             |    65 |   109 ||   174
 Invoke: Convert to Beogh  |     1 |       ||     1
    Use: Potion            |     1 |     1 ||     2
         Scroll            |       |     4 ||     4
 Armour: Robe              |    88 |    90 ||   178
  Dodge: Dodged            |    55 |    47 ||   102

Table legend: (Time is in decaauts)
 A = Elapsed time spent in this place.
 B = Non-inter-level travel time spent in this place.
 C = Inter-level travel time spent in this place.
 D = Time resting spent in this place.
 E = Time spent auto-exploring this place.
 F = Levels seen in this place.
 G = Mean time per level.
                   A        B        C        D        E       F      G
               +--------+--------+--------+--------+--------+-----+--------+
         Total |   3033 |   2939 |     94 |     14 |   2253 |   5 |  606.6 |
       Dungeon |   3031 |   2937 |     94 |     14 |   2253 |   4 |  757.8 |
        Temple |      1 |      1 |      0 |      0 |      0 |   1 |    1.0 |
               +--------+--------+--------+--------+--------+-----+--------+

Top non-repeatable levels by time:
     D:3: 1191 daAuts
     D:2: 973 daAuts
     D:1: 756 daAuts
     D:4: 110 daAuts
  Temple: 1 daAuts
